 Dungeon Crawl Stone Soup version 0.21.1-1-g345015f (webtiles) character file.

783 tidbits the Charmwright (level 7, 56/56 HPs)
             Began as a Gnoll Skald on June 24, 2018.
             Quit the game on level 6 of the Dungeon.
             The game lasted 00:09:24 (973 turns).

tidbits the Charmwright (Gnoll Skald)                Turns: 973, Time: 00:09:24

Health: 56/56      AC:  6    Str: 13    XL:     7   Next: 86%
Magic:  15/15      EV: 15    Int: 20    God:
Gold:   133        SH:  0    Dex: 15    Spells: 7/17 levels left

rFire    . . .     SeeInvis .   s - +1 dagger of Recklessness {freeze, rN+ Int+3} (curse)
rCold    . . .     Gourm    .   (no shield)
rNeg     + . .     Faith    .   B - +0 leather armour
rPois    .         Spirit   .   E - +2 helmet
rElec    .         Reflect  .   (no cloak)
rCorr    .         Harm     .   (no gloves)
MR       .....                  (no boots)
Stlth    ++........             R - amulet of regeneration
HPRegen  0.58/turn              (no ring)
MPRegen  0.14/turn              (no ring)

@: marked
A: distributed training, fangs 1, strong nose
a: no special abilities


You were on level 6 of the Dungeon.
You were not hungry.

You visited 1 branch of the dungeon, and saw 7 of its levels.

You collected 133 gold pieces.

Inventory:

Hand Weapons
 a - a +1 hand axe
 e - a +0 dagger
 k - a +2 flail of venom
   (You took it off a gnoll on level 3 of the Dungeon)
 l - the +6 scythe "Ewiheinn" {flame, +Fly rPois}
   (You found it on level 6 of the Dungeon)

   It has been specially enchanted to burn those struck by it, causing extra
   injury to most foes and up to half again as much damage against particularly
   susceptible opponents.
   Big, fiery blades are also staple armaments of hydra-hunters.
   It protects you from poison.
   It lets you fly.
 s - the cursed +1 dagger of Recklessness (weapon) {freeze, rN+ Int+3}
   (You found it on level 6 of the Dungeon)

   It has been specially enchanted to freeze those struck by it, causing extra
   injury to most foes and up to half again as much damage against particularly
   susceptible opponents.
   It can also slow down cold-blooded creatures.
   It affects your intelligence (+3).
   It protects you from negative energy.
   It has a curse placed upon it.
Missiles
 g - 2 curare-tipped needles
 i - 23 arrows
Armour
 f - a +0 ring mail
 j - a +1 helmet
 B - a +0 leather armour (worn)
 D - a +0 buckler
 E - a +2 helmet (worn)
Magical Staves
 q - an uncursed staff of earth
   (You found it on level 5 of the Dungeon)
Jewellery
 R - an amulet of regeneration (around neck)
   (You found it on level 1 of the Dungeon)
Wands
 b - a wand of polymorph (18)
 p - a wand of acid (9)
Scrolls
 o - 2 scrolls of teleportation
 r - a scroll of enchant armour
Potions
 h - a potion of curing {unknown}
 m - a potion of magic {unknown}
 n - a potion of degeneration {unknown}
 t - a potion of resistance
Books
 c - a book of Battle

   Spells                             Type                      Level
   a - Infusion                       Charms                       1
   b - Shroud of Golubria             Charms/Translocation         2
   c - Song of Slaying                Charms                       2
   d - Spectral Weapon                Hexes/Charms                 3
   e - Regeneration                   Charms/Necromancy            3
Comestibles
 d - 3 rations


   Skills:
 + Level 5.3 Fighting
 + Level 2.7 Short Blades
 + Level 2.7 Long Blades
 + Level 5.3 Axes
 + Level 2.7 Maces & Flails
 + Level 2.7 Polearms
 + Level 2.7 Staves
 + Level 2.7 Slings
 + Level 2.7 Bows
 + Level 2.7 Crossbows
 + Level 2.7 Throwing
 + Level 3.8 Armour
 + Level 5.3 Dodging
 + Level 2.7 Stealth
 + Level 2.7 Shields
 + Level 2.7 Unarmed Combat
 + Level 5.7 Spellcasting
 + Level 2.2 Conjurations
 + Level 2.2 Hexes
 + Level 5.9 Charms
 + Level 2.2 Summonings
 + Level 2.2 Necromancy
 + Level 2.2 Translocations
 + Level 2.2 Transmutations
 + Level 2.2 Fire Magic
 + Level 2.2 Ice Magic
 + Level 2.2 Air Magic
 + Level 2.2 Earth Magic
 + Level 2.2 Poison Magic
 + Level 3.0 Invocations
 + Level 2.7 Evocations


You had 7 spell levels left.
You knew the following spells:

 Your Spells              Type           Power        Failure   Level  Hunger
g - Shroud of Golubria    Chrm/Tloc      ###.......   3%          2    None
r - Regeneration          Chrm/Necr      ###.......   8%          3    ##.....
w - Spectral Weapon       Hex/Chrm       ###.....     8%          3    ##.....
y - Song of Slaying       Chrm           ####....     1%          2    None


Dungeon Overview and Level Annotations

Branches:
Dungeon (7/15)
 Temple: D:4-7

Altars:
Nemelex Xobeh
Zin


Innate Abilities, Weirdness & Mutations

Your experience applies equally to all skills.
You have very sharp teeth.
Your uncanny sense of smell can sniff out nearby items.


Message History

The ogre is heavily wounded.
Your spectral weapon hits the ogre.
Your spectral weapon freezes the ogre.
The bullfrog misses you. The bullfrog closely misses you.
You hit the ogre. You freeze the ogre.
The ogre is almost dead.
Your spectral weapon barely misses the ogre.
The ogre hits you with a giant spiked club!
The bullfrog closely misses you.
You hit the ogre. You freeze the ogre.
You kill the ogre!
Your shroud bends the bullfrog's attack away.
The orc hits you but does no damage. The bullfrog misses you.
You hit the bullfrog.
The bullfrog seems to slow down.
You freeze the bullfrog.
The bullfrog is moderately wounded.
Your spectral weapon hits the bullfrog.
The bullfrog seems to slow down.
Your spectral weapon freezes the bullfrog.
The orc hits you from afar with a trident!
You hit the bullfrog. You freeze the bullfrog.
The bullfrog is severely wounded.
Your spectral weapon hits the bullfrog.
The bullfrog seems to slow down.
Your spectral weapon freezes the bullfrog.
The bullfrog barely misses you.
You hit the bullfrog.
The bullfrog seems to slow down.
You freeze the bullfrog.
You kill the bullfrog!
Your Invocations skill increases to level 3!
The orc closely misses you. The orc barely misses you.
Things that are here:
a giant spiked club; an ogre corpse You hit the orc but do no damage.
Your spectral weapon hits the orc.
Your spectral weapon freezes the orc.
The orc closely misses you.
You hit the orc. You freeze the orc.
You kill the orc!
Things that are here:
a trident; an orc corpse
Casting: Shroud of Golubria
Confirm with . or Enter, or press ? or * to list all spells.
Your skin crawls.
Unknown command.
You swap places.
An orc comes into view. It is wielding a short sword.
Your spectral weapon fades away.
The orc shouts!
You see here a scroll of identify.
u - a scroll of identify
As you read the scroll of identify, it crumbles to dust.
t - a potion of resistance You are feeling hungry.
You see here 14 gold pieces.
You now have 125 gold pieces (gained 14).
Your shroud bends the orc's attack away.
Casting: Regeneration
Confirm with . or Enter, or press ? or * to list all spells.
You draw out your weapon's spirit!
Your skin is crawling a little less now.
Your shroud begins to fray at the edges.
The orc hits you but does no damage.
You hit the orc. You freeze the orc.
The orc is moderately wounded.
Your spectral weapon hits the orc.
Your spectral weapon freezes the orc.
You kill the orc!
Things that are here:
a giant spiked club; an ogre corpse You butcher the ogre corpse.
Things that are here:
a giant spiked club; 3 chunks of flesh; an ogre skeleton Eat one of 3 chunks of flesh? (ye/n/q)
You eat one of the 3 chunks of flesh.
This raw flesh tastes terrible.
Your shroud unravels.
Your skin stops crawling.
You see here a scroll of teleportation.
o - 2 scrolls of teleportation (gained 1)
There is a stone staircase leading down here.
You climb downwards.
Your summoned ally is left behind.
Your spectral weapon fades away.
There is a stone staircase leading up here.
Unknown command.
You climb upwards.
There is a stone staircase leading down here.
Unknown command.
Found 8 gold pieces.
You see here 8 gold pieces.
You now have 133 gold pieces (gained 8).
Found a stone staircase leading down.
There is a stone staircase leading down here.
You climb downwards.
A worker ant comes into view.
There is a stone staircase leading up here.
You climb upwards.
There is a stone staircase leading down here.
Unknown command.
Really walk into that teleport trap?
You enter a teleport trap!
The teleport trap disappears.
Your surroundings suddenly seem different.
A bullfrog comes into view.
The alarm trap emits a blaring wail!
A sentinel's mark forms upon you.
You hear a loud, deep croak!
You hear a shout! x5; You hear a bark!
Are you sure you want to abandon this character and quit the game? (Confirm with "yes".)

#.#♣♣.♣♣####.# #.........##.###
###♣♣.♣♣#......# ##### ♣.♣
####.#.# #...###.######.#.#
####.......##>##..#.#
..##......###.##.##.# #.##......#
#.......# ##.#.##.>@...#
#.......# #
#..#.##......###.##.##.#
#.#.##.............##.##.#
#.#.##.....#.##.#..##.##.#
#.......#..#.##.#..##.##.#
###.##...................#
########.##.......#..#.###.######
..........).......#..#.###......#
####..####.)....................#


There were no monsters in sight!

Vanquished Creatures
  An ice beast (D:6)
  2 ogres
  3 bullfrogs (D:6)
  A hound (D:5)
  A bullfrog zombie (D:5)
  A bullfrog skeleton (D:4)
  An orc wizard (D:4)
  2 iguanas
  Robin (D:2)
  3 adders (D:2)
  3 gnolls (D:3)
  A shadow imp (D:6)
  2 oozes (D:5)
  2 worms (D:2)
  4 dart slugs (D:2)
  2 leopard geckos
  6 orcs
  2 bats
  A giant cockroach (D:2)
  9 goblins
  4 hobgoblins (D:2)
  10 jackals
  A quokka (D:3)
  A ball python (D:3)
  2 frilled lizards
  A quokka zombie (D:6)
  6 rats
73 creatures vanquished.

Vanquished Creatures (others)
  A plant (D:3)
1 creature vanquished.

Grand Total: 74 creatures vanquished

Notes
Turn   | Place    | Note
-------+----------+-------------------------------------------
     0 | D:1      | tidbits the Gnoll Skald began the quest for the Orb.
     0 | D:1      | Reached XP level 1. HP: 20/20 MP: 6/6
    97 | D:1      | Reached XP level 2. HP: 26/26 MP: 4/7
   101 | D:1      | Learned a level 2 spell: Song of Slaying
   104 | D:1      | Learned a level 2 spell: Shroud of Golubria
   233 | D:2      | Reached skill level 5 in Spellcasting
   233 | D:2      | Reached XP level 3. HP: 31/31 MP: 0/9
   254 | D:2      | Learned a level 3 spell: Regeneration
   258 | D:2      | Learned a level 3 spell: Spectral Weapon
   278 | D:2      | Reached skill level 1 in Invocations
   299 | D:2      | Found a glowing silver altar of Zin.
   329 | D:2      | Reached skill level 1 in Short Blades
   329 | D:2      | Reached skill level 1 in Long Blades
   329 | D:2      | Reached skill level 1 in Maces & Flails
   329 | D:2      | Reached skill level 1 in Polearms
   329 | D:2      | Reached skill level 1 in Staves
   329 | D:2      | Reached skill level 1 in Slings
   329 | D:2      | Reached skill level 1 in Bows
   329 | D:2      | Reached skill level 1 in Crossbows
   329 | D:2      | Reached skill level 1 in Throwing
   329 | D:2      | Reached skill level 1 in Stealth
   329 | D:2      | Reached skill level 1 in Shields
   329 | D:2      | Reached skill level 1 in Unarmed Combat
   329 | D:2      | Reached skill level 1 in Evocations
   329 | D:2      | Reached XP level 4. HP: 37/38 MP: 3/11
   367 | D:2      | Noticed Robin
   395 | D:2      | Killed Robin
   435 | D:3      | Reached skill level 1 in Conjurations
   435 | D:3      | Reached skill level 1 in Hexes
   435 | D:3      | Reached skill level 1 in Summonings
   435 | D:3      | Reached skill level 1 in Necromancy
   435 | D:3      | Reached skill level 1 in Translocations
   435 | D:3      | Reached skill level 1 in Transmutations
   435 | D:3      | Reached skill level 1 in Fire Magic
   435 | D:3      | Reached skill level 1 in Ice Magic
   435 | D:3      | Reached skill level 1 in Air Magic
   435 | D:3      | Reached skill level 1 in Earth Magic
   435 | D:3      | Reached skill level 1 in Poison Magic
   445 | D:3      | Reached XP level 5. HP: 38/43 MP: 6/12
   547 | D:4      | Noticed an ogre
   554 | D:4      | Killed an ogre
   554 | D:4      | Reached skill level 3 in Armour
   554 | D:4      | Reached XP level 6. HP: 33/50 MP: 2/13
   555 | D:4      | Reached skill level 2 in Invocations
   604 | D:5      | Entered Level 5 of the Dungeon
   658 | D:5      | Reached skill level 5 in Fighting
   658 | D:5      | Reached skill level 2 in Short Blades
   658 | D:5      | Reached skill level 2 in Long Blades
   658 | D:5      | Reached skill level 5 in Axes
   658 | D:5      | Reached skill level 2 in Maces & Flails
   658 | D:5      | Reached skill level 2 in Polearms
   658 | D:5      | Reached skill level 2 in Staves
   658 | D:5      | Reached skill level 2 in Slings
   658 | D:5      | Reached skill level 2 in Bows
   658 | D:5      | Reached skill level 2 in Crossbows
   658 | D:5      | Reached skill level 2 in Throwing
   658 | D:5      | Reached skill level 5 in Dodging
   658 | D:5      | Reached skill level 2 in Stealth
   658 | D:5      | Reached skill level 2 in Shields
   658 | D:5      | Reached skill level 2 in Unarmed Combat
   658 | D:5      | Reached skill level 2 in Evocations
   707 | D:6      | Found a sparkling altar of Nemelex Xobeh.
   729 | D:5      | Reached XP level 7. HP: 44/56 MP: 5/15
   797 | D:6      | Got a dazzling scythe
   803 | D:6      | Identified the +6 scythe "Ewiheinn" {flame, +Fly rPois} (You found it on level 6 of the Dungeon)
   811 | D:6      | Got a steaming dagger
   812 | D:6      | Identified the cursed +1 dagger of Recklessness {freeze, rN+ Int+3} (You found it on level 6 of the Dungeon)
   842 | D:6      | Reached skill level 2 in Conjurations
   842 | D:6      | Reached skill level 2 in Hexes
   842 | D:6      | Reached skill level 2 in Summonings
   842 | D:6      | Reached skill level 2 in Necromancy
   842 | D:6      | Reached skill level 2 in Translocations
   842 | D:6      | Reached skill level 2 in Transmutations
   842 | D:6      | Reached skill level 2 in Fire Magic
   842 | D:6      | Reached skill level 2 in Ice Magic
   842 | D:6      | Reached skill level 2 in Air Magic
   842 | D:6      | Reached skill level 2 in Earth Magic
   842 | D:6      | Reached skill level 2 in Poison Magic
   867 | D:6      | Reached skill level 3 in Invocations
   973 | D:6      | Quit the game

Skill      XL: |  1  2  3  4  5  6  7 |
---------------+----------------------+-----
Spellcasting   | 5 |  5.7
Invocations    | 1 2 3 |  3.0
Short Blades   | 1 2 |  2.7
Long Blades    | 1 2 |  2.7
Maces & Flails | 1 2 |  2.7
Polearms       | 1 2 |  2.7
Staves         | 1 2 |  2.7
Slings         | 1 2 |  2.7
Bows           | 1 2 |  2.7
Crossbows      | 1 2 |  2.7
Throwing       | 1 2 |  2.7
Stealth        | 1 2 |  2.7
Shields        | 1 2 |  2.7
Unarmed Combat | 1 2 |  2.7
Evocations     | 1 2 |  2.7
Conjurations   | 1 2 |  2.2
Hexes          | 1 2 |  2.2
Summonings     | 1 2 |  2.2
Necromancy     | 1 2 |  2.2
Translocations | 1 2 |  2.2
Transmutations | 1 2 |  2.2
Fire Magic     | 1 2 |  2.2
Ice Magic      | 1 2 |  2.2
Air Magic      | 1 2 |  2.2
Earth Magic    | 1 2 |  2.2
Poison Magic   | 1 2 |  2.2
Armour         | 3 |  3.8
Fighting       | 5 |  5.3
Axes           | 5 |  5.3
Dodging        | 5 |  5.3
Charms         | |  5.9

Action                   |  1- 3 |  4- 6 |  7- 9 || total
-------------------------+-------+-------+-------++-------
Melee: Hand axe          |    64 |    71 |       ||   135
       Bite              |    10 |     7 |     3 ||    20
       Flail             |       |    24 |     6 ||    30
       Dagger            |       |       |    28 ||    28
 Cast: Infusion          |     5 |       |       ||     5
       Song of Slaying   |     3 |     8 |       ||    11
       Shroud of Golubri |     2 |     4 |     2 ||     8
       Spectral Weapon   |       |     6 |     5 ||    11
       Regeneration      |       |       |     1 ||     1
Evoke: Wand              |       |       |     1 ||     1
  Use: Scroll            |       |     2 |     3 ||     5
  Eat: Chunk             |       |       |     2 ||     2
Armor: Leather armour    |    11 |    22 |     8 ||    41
Dodge: Dodged            |    35 |    64 |    24 ||   123
Block: Buckler           |       |     7 |       ||     7

Table legend:
 A = Turns spent in this place as a percentage of turns spent in the entire game.
 B = Non-inter-level travel turns spent in this place as a percentage of non-inter-level travel turns spent in the entire game.
 C = Inter-level travel turns spent in this place as a percentage of turns spent in this place.
 D = Turns resting spent in this place as a percentage of non-inter-level travel turns spent in this place.
 E = Turns spent auto-exploring this place as a percentage of non-inter-level travel turns spent in this place.
 F = Non-inter-level travel turns spent in this place divided by the number of levels of this place that you've seen.
                   A       B       C       D       E      F
               +-------+-------+-------+-------+-------+----------------------
         Total | 100.0 | 100.0 |   0.0 |   0.0 |   0.0 | 139.0
       Dungeon | 100.0 | 100.0 |   0.0 |   0.0 |   0.0 | 139.0
               +-------+-------+-------+-------+-------+----------------------

Table legend:
 A = Kills in this place as a percentage of kills in entire the game.
 B = Kills by you in this place as a percentage of kills by you in the entire game.
 C = Kills by friends in this place as a percentage of kills by friends in the entire game.
 D = Other kills in this place as a percentage of other kills in the entire game.
 E = Experience gained in this place as a percentage of experience gained in the entire game.
 F = Experience gained in this place divided by the number of levels of this place that you have seen.
                   A       B       C       D       E      F
               +-------+-------+-------+-------+-------+----------------------
         Total | 100.0 | 100.0 |   N/A |   N/A | 100.0 | 159.9
       Dungeon | 100.0 | 100.0 |   N/A |   N/A | 100.0 | 159.9
               +-------+-------+-------+-------+-------+----------------------

Vault maps used:
D:1:      minmay_arrival_radiant_lines
D:2:      zin_scriptorium, uniq_robin
D:3:      grunt_gozag_breadcrumbs, serial_forest, infiniplex_forest_straight_4,
          infiniplex_forest_lined_2, infiniplex_forest_clump_large,
          infiniplex_forest_lined_ring, infiniplex_forest_side_room,
          infiniplex_forest_clump_long, infiniplex_forest_clump_large,
          infiniplex_forest_clump_C, infiniplex_forest_fountain,
          infiniplex_forest_lined_1
D:4:      nicolae_tso_carved_into_rock, first_ration
D:5:      serial_shops, nicolae_shop_behind_doors, minmay_stone_trees_medium,
          makhleb_heckhound_becter
D:6:      lemuel_doored_altar, minmay_temple_entry_junction,
          minmay_tree_intersection, nemelex_xobeh_ov_fountains_minmay
D:7:      black_bear_nest_1, nicolae_ru_the_path_less_chosen, serial_shops,
          kennysheep_mini_moat, uniq_prince_ribbit1
